Map: New Gettysburg LE

Players

Fropez

  • Race: Protoss Protoss
  • League: Gold
  • Spawn Location: 5:00

theplant - Winner!

  • Race: Zerg Zerg
  • League: Gold
  • Spawn Location: 7:00

VOD

Have the link to the VOD?

Description

Time

  • Played on: Nov. 2, 2016, 8:10 p.m.
  • Length: 16:58
Show
View Real Time Build Order
Export as new Build Order

Fropez Protoss 

Build Orders: 1 Gate Expand 

Get SALT Encoding   

  12  0:01  Probe (Chrono Boost)  
  13  0:11  Probe (Chrono Boost)  
  14  0:19  Pylon  
  14  0:22  Probe (Chrono Boost)  
  15  0:34  Assimilator  
  15  0:38  Probe (Chrono Boost)  
  16  0:47  Gateway  
  16  0:49  Probe (Chrono Boost)  
  17  1:03  Probe (Chrono Boost)  
  18  1:26  Nexus  
  18  1:28  Probe (Chrono Boost)  
  19  1:40  Cybernetics Core  
  19  1:49  Probe (Chrono Boost)  
  20  2:00  Gateway  
  20  2:08  Pylon  
  20  2:13  Pylon  
  20  2:17  Assimilator  
  20  2:20  Warp Gate (Chrono Boost)  
  20  2:37  Probe (Chrono Boost)  
  20  2:40  Mothership Core (Chrono Boost)  
  20  2:43  Adept  
  24  2:48  Probe (Chrono Boost)  
  24  2:50  Adept  
  27  3:01  Probe (Chrono Boost)  
  27  3:03  Probe (Chrono Boost)  
  29  3:16  Twilight Council  
  29  3:23  Probe (Chrono Boost)  
  29  3:24  Pylon  
  29  3:25  Probe (Chrono Boost)  
  31  3:35  Probe (Chrono Boost)  
  31  3:39  Probe (Chrono Boost)  
  33  3:44  Pylon  
  33  3:46  Adept  
  35  3:50  Adept  
  35  4:16  Probe  
  34  4:17  Probe  
  34  4:22  Assimilator  
  35  4:24  Nexus  
  35  4:27  Probe  
  35  4:28  Resonating Glaives  
  36  4:32  Probe  
  37  4:41  Adept x2  
  37  4:45  Probe  
  42  4:47  Probe  
  43  5:13  Probe x2  
  43  5:14  Gateway, Robotics Facility  
  44  5:20  Gateway  
  45  5:26  Gateway  
  45  5:30  Adept  
  45  5:32  Adept  
  45  5:34  Probe  
  48  5:37  Probe  
  49  5:54  Pylon  
  49  5:59  Adept x2  
  49  6:03  Probe x2  
  54  6:04  Probe  
  56  6:14  Assimilator  
  56  6:15  Pylon  
  54  6:24  Gateway, Stalker  
  56  6:28  Pylon, Stalker  
  56  6:30  Pylon  
  58  6:40  Warp Prism  
  58  6:46  Gateway  
  60  6:50  Zealot  
  60  6:51  Zealot  
  60  6:52  Zealot  
  62  7:01  Zealot x2  
  62  7:06  Probe  
  62  7:07  Probe  
  66  7:12  Probe  
  67  7:17  Dark Shrine  
  67  7:18  Pylon  
  67  7:21  Immortal  
  71  7:41  Assimilator  
  71  7:42  Probe x2  
  71  7:44  Probe  
  73  7:46  Gateway  
  74  7:56  Assimilator  
  74  8:01  Stalker x5  
  74  8:02  Stalker  
  76  8:17  Pylon  
  76  8:19  Pylon, Probe  
  76  8:20  Probe  
  76  8:22  Forge  
  78  8:27  Probe  
  78  8:28  Pylon  
  78  8:34  Stalker x5  
  89  8:51  Dark Templar  
  91  9:01  Stalker x4  
  91  9:02  Stalker x2  
  101  9:05  Protoss Ground Weapons Level 1  
  101  9:10  Blink  
  101  9:16  Probe x2  
  101  9:17  Probe  
  88  9:48  Stalker x5  
  88  9:49  Stalker x3  
  63  10:13  Stalker x3  
  63  10:14  Stalker x3  
  69  10:27  Dark Templar  
  69  10:28  Dark Templar  
  49  10:46  Stalker x3  
  49  10:47  Stalker  
  47  11:15  Stalker  
  49  11:24  Protoss Ground Weapons Level 2  
  49  11:30  Adept x4  
  49  11:31  Adept  
  49  11:32  Probe  
  60  11:36  Probe x2  
  62  11:47  Warp Prism  
  56  12:03  Stalker x2  
  58  12:17  Pylon  
  58  12:37  Stalker x3  
  58  12:38  Stalker  
  66  12:50  Pylon  
  54  13:12  Stalker x2  
  46  13:13  Stalker x3  
  42  13:27  Probe  
  42  13:28  Probe  
  41  13:38  Probe  
  41  13:40  Probe  
  43  13:48  Probe  
  43  13:53  Probe  
  45  13:57  Dark Templar  
  45  13:59  Probe  
  46  14:03  Dark Templar  
  49  14:13  Templar Archives  
  48  14:21  Archon  
  42  14:53  High Templar x2  
  42  14:54  High Templar x4  
  42  14:57  Archon  
  42  14:58  Archon x2  
  54  15:05  Pylon  
  54  15:12  Pylon  
  54  15:16  Photon Cannon  
  54  15:21  Photon Cannon  
  54  15:38  Nexus  
  54  15:40  Pylon  
  54  15:56  Dark Templar x2  
  44  16:02  Mothership Core  
Show
View Real Time Build Order
Export as new Build Order

theplant Zerg - Winner!

Build Orders: Pool First 

Get SALT Encoding   

  12  0:05  Drone  
  13  0:13  Drone  
  14  0:27  Spawning Pool  
  13  0:35  Overlord  
  13  0:46  Drone  
  13  0:47  Overlord  
  14  0:54  Drone  
  15  1:14  Zergling x4  
  17  1:22  Hatchery  
  16  1:28  Drone  
  17  1:40  Drone  
  17  1:41  Drone  
  17  1:44  Queen  
  21  1:56  Extractor  
  21  1:57  Drone  
  21  2:02  Drone  
  22  2:13  Drone  
  23  2:20  Queen  
  26  2:30  Drone  
  26  2:53  Roach Warren  
  26  2:55  Queen  
  26  2:56  Zergling x2  
  26  2:57  Zergling x4  
  26  2:58  Zergling x6  
  33  3:11  Drone  
  33  3:12  Extractor, Drone x2  
  35  3:14  Drone  
  36  3:24  Overlord  
  36  3:42  Queen  
  37  3:59  Drone x4  
  37  4:01  Drone x4  
  44  4:03  Metabolic Boost  
  42  4:18  Spine Crawler  
  42  4:21  Spine Crawler  
  42  4:22  Spine Crawler, Drone x2  
  42  4:24  Drone  
  42  4:28  Drone  
  43  4:39  Overlord  
  43  4:43  Lair  
  43  4:47  Overlord  
  43  5:04  Roach  
  43  5:05  Roach x2  
  49  5:11  Drone x7  
  56  5:15  Extractor  
  54  5:43  Drone x2  
  54  5:44  Drone x3  
  54  5:49  Overlord x3  
  59  5:50  Spire  
  57  6:07  Roach x2  
  57  6:08  Roach  
  57  6:09  Zergling x6  
  65  6:24  Overlord x2  
  65  6:25  Overseer  
  65  6:27  Overseer  
  65  6:29  Drone x3  
  68  6:33  Extractor  
  66  6:53  Drone  
  67  6:56  Drone  
  61  7:13  Spore Crawler  
  61  7:15  Mutalisk x3  
  60  7:17  Mutalisk x3  
  60  7:21  Mutalisk, Zerg Flyer Weapons Level 1  
  60  7:22  Mutalisk x2  
  78  7:26  Zergling x6  
  81  7:32  Mutalisk  
  81  7:35  Mutalisk  
  85  7:40  Zergling x2, Hatchery  
  85  8:06  Mutalisk  
  85  8:07  Mutalisk x2  
  85  8:09  Zergling x2  
  92  8:13  Overlord x4  
  92  8:21  Overlord x2  
  92  8:31  Zergling x4  
  94  8:34  Roach  
  98  8:41  Roach x3  
  98  8:45  Extractor  
  98  8:47  Extractor  
  100  9:04  Roach x2  
  100  9:05  Glial Reconstitution  
  100  9:06  Mutalisk x4  
  111  9:33  Mutalisk x2  
  70  10:56  Mutalisk x6  
  78  11:00  Overseer x3  
  78  11:02  Zergling x14  
  75  11:27  Zergling x4  
  75  11:28  Zergling x6  
  75  11:30  Queen  
  75  11:31  Mutalisk x4  
  88  11:33  Mutalisk  
  90  12:05  Pneumatized Carapace  
  90  12:20  Roach x6  
  102  12:22  Overseer  
  102  12:23  Overseer  
  102  12:27  Roach x5  
  112  12:31  Evolution Chamber x2  
  112  12:32  Drone x3  
  112  12:33  Queen  
  98  13:08  Queen  
  98  13:10  Roach x5  
  98  13:12  Mutalisk x5  
  108  13:17  Overseer  
  110  13:22  Drone x3  
  110  13:24  Drone  
  110  13:26  Drone  
  108  13:27  Drone  
  100  13:45  Mutalisk x4  
  108  13:57  Drone  
  108  13:58  Drone x4  
  108  14:02  Zergling x10  
  118  14:04  Zergling x4  
  120  14:23  Roach x3  
  126  14:25  Roach x2  
  126  14:31  Drone x5  
  135  14:34  Extractor  
  134  15:07  Corruptor x5  
  134  15:12  Hatchery  
  143  15:18  Drone  
  144  15:22  Infestation Pit  
  144  15:24  Drone  
  144  15:25  Drone x2  
  146  15:29  Overlord x6  
  89  16:16  Overseer x4  
  87  16:19  Mutalisk x3  
  87  16:22  Roach x3  
  99  16:27  Hydralisk Den  
  99  16:32  Spore Crawler  
  97  16:34  Spore Crawler  
  97  16:38  Spine Crawler, Roach  
  97  16:41  Spore Crawler  
  97  16:42  Spine Crawler  
  97  16:45  Spine Crawler  
Tags
 
Add a new tag
Caveats
  • Supply blocks, unpowered buildings, or Contaminate may cause inaccurate times.
  • Supply counts are checked every 10 seconds.